[Event "Ulm2007"]
[Site "Privat"]
[Date "2007.10.30"]
[Round "4"]
[White "Smolny, Frieder"]
[Black "Hartmann, Thomas"]
[Result "1-0"]
[ECO "A40"]
[WhiteElo "1928"]
[BlackElo "1863"]
[Annotator "Goda,Frederic"]
[PlyCount "49"]
[EventDate "2007.??.??"]
[TimeControl "40/5400+30:0"]

{384MB, Fritz8.ctg, SCHACHCOMP} 1. d4 e5 2. dxe5 Nc6 3. Nf3 Qe7 4. g3 Nxe5 5.
Bg2 Nf6 6. Nbd2 d5 7. O-O Bg4 8. c4 O-O-O 9. Nxe5 Qxe5 10. Nf3 Qh5 11. Qa4 Bc5
12. b4 Bd7 13. Qb3 dxc4 14. Qxc4 Bb6 15. a4 Ng4 16. a5 Be6 17. Qc2 Bf5 18. e4
Bxe4 19. Qxe4 Rhe8 20. axb6 Rxe4 21. bxa7 Rd3 22. a8=Q+ Kd7 23. Be3 Nxe3 24.
fxe3 Rdxe3 25. Rad1+ 1-0

[Event "Ulm2007"]
[Site "Privat"]
[Date "2007.11.02"]
[Round "4"]
[White "Kühn, Bernd"]
[Black "Geutebrück, Sebastian"]
[Result "0-1"]
[ECO "B10"]
[WhiteElo "1634"]
[BlackElo "1928"]
[Annotator "Goda,Frederic"]
[PlyCount "142"]
[EventDate "2007.??.??"]
[TimeControl "40/5400+30:0"]

{384MB, Fritz8.ctg, SCHACHCOMP} 1. e4 c6 2. d3 d5 3. Nd2 Qc7 4. Ngf3 Bg4 5. h3
Bh5 6. Be2 e6 7. b3 dxe4 8. dxe4 Nf6 9. Bb2 Nbd7 10. O-O Bc5 11. Nh4 Bg6 12.
Nxg6 hxg6 13. c4 O-O-O 14. a3 Qg3 15. Bg4 Nxg4 16. Qxg4 Qxg4 17. hxg4 Rh4 18.
Nf3 Rxg4 19. b4 Bb6 20. Rfe1 Nf6 21. c5 Bc7 22. Be5 Rxe4 23. Rxe4 Nxe4 24. Bxc7
Kxc7 25. Ne5 Rd5 26. Nxf7 Rf5 27. f3 Nxc5 28. bxc5 Rxf7 29. Re1 Kd7 30. Rd1+
Ke8 31. Rd6 Ke7 32. Rd2 Ke8 33. Rd6 Re7 34. Kf2 Kf7 35. Ke3 Kf6 36. g4 g5 37.
Ke4 Rc7 38. a4 Rf7 39. a5 a6 40. Rd3 Ke7 41. Ke5 g6 42. Rb3 Kf8 43. Kxe6 Kg7
44. Rd3 Rf6+ 45. Kd7 Rf7+ 46. Kc8 Kh6 47. Kd8 Rf4 48. Kc7 Rb4 49. Re3 Rb5 50.
Rc3 Kg7 51. Rd3 Rxc5 52. Kxb7 Rxa5 53. Kxc6 Ra1 54. Rd7+ Kh6 55. Rf7 a5 56. Kb5
a4 57. Kb4 Rd1 58. Ka3 Rd4 59. Ka2 Rf4 60. Ra7 Rxf3 61. Rxa4 Rf4 62. Ra3 Rxg4
63. Kb2 Kh5 64. Kc2 Rf4 65. Ra2 g4 66. Ra5+ g5 67. Kd3 g3 68. Ke2 Kg4 69. Rb5
g2 70. Rb1 Kg3 71. Rb5 g1=Q 0-1

[Event "Ulm2007"]
[Site "Privat"]
[Date "2007.11.02"]
[Round "4"]
[White "Hengstberger, Uli"]
[Black "Schmidt, Waldemar"]
[Result "0-1"]
[ECO "D15"]
[WhiteElo "1450"]
[BlackElo "1603"]
[Annotator "Goda,Frederic"]
[PlyCount "112"]
[EventDate "2007.??.??"]
[TimeControl "40/5400+30:0"]

{384MB, Fritz8.ctg, SCHACHCOMP} 1. d4 d5 2. c4 c6 3. Nc3 Nf6 4. Nf3 dxc4 5. e4
Bg4 6. Be3 e6 7. Bxc4 Be7 8. e5 Nd5 9. Nxd5 cxd5 10. Be2 O-O 11. O-O Nc6 12.
Rc1 Rc8 13. a3 Qb6 14. Qd2 Na5 15. Rxc8 Rxc8 16. b4 Nc4 17. Bxc4 Rxc4 18. Ne1
Qc6 19. f3 Bf5 20. Bg5 Bxg5 21. Qxg5 Qc7 22. g4 Bg6 23. Ng2 Rxd4 24. Rc1 Rc4
25. Rxc4 dxc4 26. h4 h6 27. Qc1 c3 28. f4 c2 29. h5 Qd7 30. Ne3 Be4 31. g5 Qd3
32. gxh6 Qb3 33. Nxc2 Qxc2 34. Qf1 Qb1 35. Kf2 Qxf1+ 36. Kxf1 gxh6 37. Kf2 Kf8
38. Ke3 Bf5 39. Kf3 Ke7 40. a4 Kd7 41. a5 Kc6 42. a6 bxa6 43. Ke3 Kb5 44. Kd2
Kxb4 45. Kc1 Bg4 46. f5 exf5 47. e6 fxe6 48. Kb2 Bxh5 49. Kc1 Bg4 50. Kd2 h5
51. Ke1 h4 52. Kd2 h3 53. Kc2 h2 54. Kc1 h1=Q+ 55. Kb2 Qg2+ 56. Kc1 Kc3 0-1

[Event "Ulm2007"]
[Site "Privat"]
[Date "2007.11.02"]
[Round "4"]
[White "Klein, Franz"]
[Black "von Schwerin, Reinhold"]
[Result "1/2-1/2"]
[ECO "C36"]
[WhiteElo "1574"]
[BlackElo "1331"]
[Annotator "Goda,Frederic"]
[PlyCount "34"]
[EventDate "2007.??.??"]
[TimeControl "40/5400+30:0"]

{384MB, Fritz8.ctg, SCHACHCOMP} 1. e4 e5 2. f4 exf4 3. Nf3 d5 4. e5 Nc6 5. d4
g5 6. Bb5 Bd7 7. c3 g4 8. Bxf4 gxf3 9. Qxf3 Nxe5 10. Bxe5 Bxb5 11. Bxh8 Qe7+
12. Kd1 O-O-O 13. Re1 Qg5 14. Be5 Bh6 15. Kc2 Qg6+ 16. Kd1 Qg5 17. Kc2 Qg6+
1/2-1/2

[Event "Ulm2007"]
[Site "Privat"]
[Date "2007.11.02"]
[Round "4"]
[White "Huppertz, Anton"]
[Black "Sturm, Paul"]
[Result "1/2-1/2"]
[ECO "C07"]
[WhiteElo "1316"]
[BlackElo "1448"]
[Annotator "Goda,Frederic"]
[PlyCount "59"]
[EventDate "2007.??.??"]
[TimeControl "40/5400+30:0"]

{384MB, Fritz8.ctg, SCHACHCOMP} 1. e4 e6 2. d4 d5 3. Nd2 c5 4. c3 Nc6 5. Ngf3
Qb6 6. exd5 exd5 7. Qb3 Nf6 8. Qxb6 axb6 9. Bb5 Bd7 10. O-O O-O-O 11. Re1 Re8
12. Bxc6 bxc6 13. Rxe8+ Nxe8 14. Ne5 Nd6 15. Ndf3 f6 16. Nxd7 Kxd7 17. dxc5
bxc5 18. a4 Be7 19. Bf4 Nc4 20. b3 Na5 21. Nd2 g5 22. Bg3 Re8 23. Re1 Nb7 24.
Ra1 Bd8 25. Kf1 h5 26. h3 h4 27. Bh2 Ba5 28. Rc1 Re6 29. g3 Bc7 30. Re1 1/2-1/2

[Event "Ulm2007"]
[Site "Privat"]
[Date "2007.11.02"]
[Round "4"]
[White "May, Peter"]
[Black "Pletz, Bernd"]
[Result "1-0"]
[ECO "D55"]
[WhiteElo "1432"]
[BlackElo "1311"]
[Annotator "Goda,Frederic"]
[PlyCount "51"]
[EventDate "2007.??.??"]
[TimeControl "40/5400+30:0"]

{384MB, Fritz8.ctg, SCHACHCOMP} 1. d4 d5 2. Nf3 e6 3. c4 Nf6 4. Bg5 Be7 5. e3
O-O 6. Nc3 b6 7. Bxf6 Bxf6 8. cxd5 exd5 9. Bd3 c6 10. Rc1 Bg4 11. O-O Re8 12.
h3 Bh5 13. g4 Bg6 14. Bxg6 fxg6 15. Qb3 Kh8 16. Ne2 g5 17. Ng3 g6 18. Rfe1 Qd6
19. e4 dxe4 20. Nxe4 Qf8 21. Nxf6 Rxe1+ 22. Rxe1 Qxf6 23. Re8+ Kg7 24. Qg8+ Kh6
25. Ne5 Qg7 26. Nf7+ 1-0

[Event "Ulm2007"]
[Site "Privat"]
[Date "2007.11.02"]
[Round "4"]
[White "Stork, Simon"]
[Black "Andritzke, Karl-Heinz"]
[Result "0-1"]
[ECO "B01"]
[WhiteElo "1128"]
[BlackElo "1405"]
[Annotator "Goda,Frederic"]
[PlyCount "74"]
[EventDate "2007.??.??"]
[TimeControl "40/5400+30:0"]

{384MB, Fritz8.ctg, SCHACHCOMP} 1. e4 d5 2. exd5 Qxd5 3. Nc3 Qd6 4. Nf3 Nf6 5.
Be2 c6 6. O-O Bg4 7. h3 Bxf3 8. Bxf3 e6 9. d3 Be7 10. Ne4 Qd8 11. Bf4 Nd5 12.
c3 Nxf4 13. d4 Nd7 14. Qc2 Nf6 15. b4 N6d5 16. a3 O-O 17. Qd2 f5 18. Ng3 Bg5
19. Qe1 Qf6 20. Rd1 Rad8 21. Ne2 Qg6 22. g3 Nxe2+ 23. Bxe2 f4 24. g4 f3 25. Bd3
Qh6 26. Qe5 Qxh3 27. Qg3 Qxg3+ 28. fxg3 Ne3 29. Kf2 Nxg4+ 30. Ke1 Ne3 31. Kf2
Nxd1+ 32. Rxd1 Rf6 33. Rh1 Rh6 34. Rxh6 Bxh6 35. Kxf3 Rf8+ 36. Ke4 Kf7 37. Ke5
g6 0-1

[Event "Ulm2007"]
[Site "Privat"]
[Date "2007.11.02"]
[Round "4"]
[White "Ziad, Amar"]
[Black "Kelemen, Norbert"]
[Result "1/2-1/2"]
[ECO "D05"]
[WhiteElo "1378"]
[BlackElo "1542"]
[Annotator "Goda,Frederic"]
[PlyCount "50"]
[EventDate "2007.??.??"]
[TimeControl "40/5400+30:0"]

{384MB, Fritz8.ctg, SCHACHCOMP} 1. d4 Nf6 2. Nf3 e6 3. e3 d5 4. Bd3 c5 5. c3
Nbd7 6. O-O c4 7. Bc2 Bd6 8. Nbd2 O-O 9. Re1 b5 10. e4 dxe4 11. Nxe4 Qc7 12.
Nxd6 Qxd6 13. Ne5 Bb7 14. f3 Rad8 15. Bg5 Nxe5 16. Rxe5 Qxe5 17. dxe5 Rxd1+ 18.
Rxd1 Nd5 19. Be4 h6 20. Bxd5 Bxd5 21. Be7 Re8 22. Bd6 Kh7 23. Kf2 Kg6 24. Rd4
h5 25. g3 Rd8 1/2-1/2

[Event "Ulm2007"]
[Site "Privat"]
[Date "2007.11.02"]
[Round "4"]
[White "Krauß, Rainer"]
[Black "Haitov, Haim"]
[Result "1-0"]
[ECO "B32"]
[WhiteElo "1708"]
[BlackElo "1430"]
[Annotator "Goda,Frederic"]
[PlyCount "65"]
[EventDate "2007.??.??"]
[TimeControl "40/5400+30:0"]

{384MB, Fritz8.ctg, SCHACHCOMP} 1. e4 c5 2. Nf3 Nc6 3. d4 cxd4 4. Nxd4 e5 5.
Nxc6 bxc6 6. Bc4 Nf6 7. Qe2 d6 8. O-O Be7 9. Nc3 h6 10. h3 O-O 11. b3 a5 12.
Ba3 Nh7 13. Rad1 Ra7 14. Rd2 Rd7 15. Rfd1 Qc7 16. Rd3 Kh8 17. Rg3 Rdd8 18. Bc1
f5 19. exf5 Bxf5 20. Bd3 Bg5 21. Bxf5 Rxf5 22. Bxg5 Rxg5 23. Rxg5 Nxg5 24. Ne4
Ne6 25. c4 Nd4 26. Qe3 c5 27. Nc3 Rf8 28. Nd5 Qf7 29. f3 Nf5 30. Qe1 Qg6 31.
Kh2 Qg5 32. Qf2 h5 33. f4 1-0

[Event "Ulm2007"]
[Site "Privat"]
[Date "2007.11.02"]
[Round "4"]
[White "Krapf, Katharina"]
[Black "Sauter, Berthold"]
[Result "0-1"]
[ECO "D30"]
[WhiteElo "1043"]
[BlackElo "1380"]
[Annotator "Goda,Frederic"]
[PlyCount "80"]
[EventDate "2007.??.??"]
[TimeControl "40/5400+30:0"]

{384MB, Fritz8.ctg, SCHACHCOMP} 1. d4 c6 2. c4 d5 3. Nf3 Nf6 4. Bg5 e6 5. e3
Be7 6. Nc3 Nbd7 7. c5 b6 8. b4 Ne4 9. Bxe7 Qxe7 10. Qc2 Ng5 11. Qe2 e5 12. Nxg5
Qxg5 13. f4 exf4 14. exf4+ Qe7 15. Qxe7+ Kxe7 16. Bd3 Nf6 17. O-O Re8 18. Rae1+
Kf8 19. Re5 bxc5 20. bxc5 Rb8 21. Rb1 Rxb1+ 22. Bxb1 g6 23. h3 Nh5 24. Rg5 Re3
25. Na4 Re1+ 26. Kf2 Rxb1 27. Ke3 Ba6 28. Re5 Bf1 29. g4 Ng7 30. Nc3 Rb2 31. h4
Rc2 32. Nb1 Rxa2 33. Nd2 Bh3 34. g5 Nf5+ 35. Kd3 Nxh4 36. Re2 Bf5+ 37. Ke3 Ra3+
38. Kf2 Bg4 39. Re1 Nf3 40. Nxf3 Rxf3+ 0-1

[Event "Ulm2007"]
[Site "Privat"]
[Date "2007.11.16"]
[Round "5"]
[White "Anistratov, Dimitrij"]
[Black "Rissmann, Uli"]
[Result "1-0"]
[ECO "A05"]
[WhiteElo "2314"]
[BlackElo "2059"]
[Annotator "Goda,Frederic"]
[PlyCount "86"]
[EventDate "2007.??.??"]
[TimeControl "40/5400+30:0"]

{512MB, Fritz8.ctg, SCHACHCOMP} 1. Nf3 Nf6 2. g3 g6 3. b3 Bg7 4. Bb2 O-O 5. Bg2
d5 6. c4 Nbd7 7. cxd5 Nb6 8. O-O Nbxd5 9. d4 c6 10. Nbd2 h6 11. Ne5 Nd7 12.
Ndc4 N5b6 13. Qc2 Nxc4 14. Nxc4 Nb6 15. Ne5 Nd7 16. Nd3 Nf6 17. e4 Bd7 18. Rfe1
Qc8 19. Nc5 Rd8 20. Nxd7 Nxd7 21. Rad1 e6 22. h4 Nb6 23. h5 g5 24. Re2 Qc7 25.
a3 Rac8 26. b4 f6 27. Qb3 Qf7 28. g4 Rd7 29. Red2 Rcd8 30. a4 a6 31. Bc3 Nc8
32. Bf1 Nd6 33. f3 Kh8 34. Kg2 Qe8 35. Bd3 Re7 36. Bb1 Red7 37. e5 fxe5 38.
dxe5 Nf7 39. Rxd7 Rxd7 40. Qc2 Kg8 41. Bd4 Bxe5 42. Qg6+ Kf8 43. Bc5+ Bd6 1-0

[Event "Ulm2007"]
[Site "Privat"]
[Date "2007.11.16"]
[Round "5"]
[White "Schulze, Andreas"]
[Black "Gallwitz, Helge"]
[Result "1-0"]
[ECO "C01"]
[WhiteElo "2146"]
[BlackElo "2070"]
[Annotator "Goda,Frederic"]
[PlyCount "73"]
[EventDate "2007.??.??"]
[TimeControl "40/5400:0"]

{512MB, Fritz8.ctg, SCHACHCOMP} 1. e4 e6 2. d4 d5 3. exd5 exd5 4. Bd3 Bd6 5.
Ne2 Qf6 6. Ng3 g6 7. Be3 Bf4 8. O-O Bxe3 9. fxe3 Qg7 10. c4 c6 11. cxd5 cxd5
12. Nc3 Ne7 13. Nb5 Kd8 14. Qb3 f5 15. Qa3 Qf6 16. e4 a6 17. exf5 axb5 18. Qxa8
Qxd4+ 19. Kh1 Na6 20. Bxb5 Nc7 21. Qa4 Qxa4 22. Bxa4 Nxf5 23. Nxf5 Bxf5 24.
Rad1 Ke7 25. Rf2 Kd6 26. Bc2 Bg4 27. Rd4 Re8 28. h3 Re1+ 29. Kh2 Be6 30. a4 Na6
31. b4 Ke5 32. Rfd2 Rc1 33. Rh4 Bg8 34. Bd3 Ra1 35. Re2+ Kf6 36. Bxa6 bxa6 37.
Rf4+ 1-0

[Event "Ulm2007"]
[Site "Privat"]
[Date "2007.11.16"]
[Round "5"]
[White "Hörsch, Heiner"]
[Black "Oberst, Thomas"]
[Result "1-0"]
[ECO "A45"]
[WhiteElo "2016"]
[BlackElo "2263"]
[Annotator "Goda,Frederic"]
[PlyCount "89"]
[EventDate "2007.??.??"]
[TimeControl "30/5400:0"]

{512MB, Fritz8.ctg, SCHACHCOMP} 1. d4 Nf6 2. g3 d5 3. Bg2 c6 4. c4 dxc4 5. Na3
Be6 6. Nh3 Bxh3 7. Bxh3 b5 8. Bg2 a6 9. O-O e6 10. Nc2 Be7 11. a4 Ra7 12. e4
Rd7 13. e5 Nd5 14. Qg4 Kf8 15. Bd2 h5 16. Qe2 g6 17. Ne3 Kg7 18. axb5 axb5 19.
b3 cxb3 20. Nxd5 exd5 21. Rab1 Ra7 22. Rxb3 Qd7 23. Rc1 Ra4 24. Qe3 h4 25. gxh4
Rxh4 26. Bh3 Qa7 27. e6 f5 28. Qg3 Kh7 29. Bf4 Rc4 30. Rd1 Na6 31. Be5 Rh5 32.
Kh1 Bh4 33. Qe3 Nb4 34. Ra3 Na6 35. Bd6 Be7 36. Rxa6 Qxa6 37. Bxe7 Qa4 38. Qd3
Rc3 39. Qxc3 Qxd1+ 40. Kg2 f4 41. Bf6 Qe2 42. e7 g5 43. Qf3 Qxf3+ 44. Kxf3
Rxh3+ 45. Kg4 1-0

[Event "Ulm2007"]
[Site "Privat"]
[Date "2007.11.16"]
[Round "5"]
[White "Hoffart, Alexander"]
[Black "Maier, Arnd"]
[Result "1/2-1/2"]
[ECO "B13"]
[WhiteElo "1955"]
[BlackElo "2047"]
[Annotator "Goda,Frederic"]
[PlyCount "49"]
[EventDate "2007.??.??"]
[TimeControl "30/5400:0"]

{512MB, Fritz8.ctg, SCHACHCOMP} 1. e4 c6 2. d4 d5 3. exd5 cxd5 4. Bd3 Nc6 5. c3
Nf6 6. Bf4 Qb6 7. Qc2 Bg4 8. Nd2 Rc8 9. Qb3 Qxb3 10. axb3 Nh5 11. Be3 a5 12.
Bb5 b6 13. Ngf3 Bd7 14. O-O e6 15. Bxc6 Bxc6 16. Ne5 Bb7 17. g4 Nf6 18. h3 Bd6
19. f4 Rc7 20. f5 exf5 21. Rxf5 O-O 22. Raf1 Ba6 23. Re1 Bc8 24. Rf3 Be6 25.
Bf4 1/2-1/2

[Event "Ulm2007"]
[Site "Privat"]
[Date "2007.11.16"]
[Round "5"]
[White "Bühler, Jürgen"]
[Black "Gebhardt, Uwe"]
[Result "0-1"]
[ECO "A26"]
[WhiteElo "1937"]
[BlackElo "1995"]
[Annotator "Goda,Frederic"]
[PlyCount "56"]
[EventDate "2007.??.??"]
[TimeControl "30/5400:0"]

{512MB, Fritz8.ctg, SCHACHCOMP} 1. c4 g6 2. Nc3 Bg7 3. g3 d6 4. Bg2 e5 5. d3
Nc6 6. Rb1 f5 7. Nf3 Nf6 8. O-O O-O 9. b4 h6 10. b5 Ne7 11. c5 g5 12. Qb3+ Kh8
13. cxd6 cxd6 14. Ba3 Ng6 15. Nd2 g4 16. Bb4 Rg8 17. a4 h5 18. a5 Rb8 19. b6
axb6 20. axb6 Bf8 21. Rbc1 h4 22. Nd5 hxg3 23. hxg3 Be6 24. Rc7 Ne8 25. Rfc1
Rg7 26. Rxg7 Bxg7 27. Nc4 Qg5 28. Nxd6 Qxc1+ 0-1

[Event "Ulm2007"]
[Site "Privat"]
[Date "2007.11.16"]
[Round "5"]
[White "Wolf, Rainer"]
[Black "Smolny, Frieder"]
[Result "0-1"]
[ECO "B08"]
[WhiteElo "1989"]
[BlackElo "1928"]
[Annotator "Goda,Frederic"]
[PlyCount "56"]
[EventDate "2007.??.??"]
[TimeControl "30/5400:0"]

{512MB, Fritz8.ctg, SCHACHCOMP} 1. Nf3 g6 2. e4 d6 3. d4 Nf6 4. Nc3 Bg7 5. Be2
O-O 6. O-O Bg4 7. h3 Bxf3 8. Bxf3 e5 9. d5 Nbd7 10. g4 Kh8 11. Ne2 Ng8 12. Ng3
Bh6 13. Bxh6 Nxh6 14. Bg2 f5 15. gxf5 gxf5 16. Qh5 Qf6 17. f4 Rg8 18. Nxf5 Nxf5
19. exf5 exf4 20. Rxf4 Rg5 21. Qe2 Ne5 22. Raf1 Rag8 23. R1f2 Qh6 24. Qe3 Rg3
25. Qe2 Rxg2+ 26. Rxg2 Qxf4 27. Qh5 Nf3+ 28. Kh1 Qc1+ 0-1

[Event "Ulm2007"]
[Site "Privat"]
[Date "2007.11.16"]
[Round "5"]
[White "Geutebrück, Sebastian"]
[Black "Sander, Luzia"]
[Result "0-1"]
[ECO "D04"]
[WhiteElo "1928"]
[BlackElo "1908"]
[Annotator "Goda,Frederic"]
[PlyCount "54"]
[EventDate "2007.??.??"]
[TimeControl "30/5400:0"]

{512MB, Fritz8.ctg, SCHACHCOMP} 1. d4 d5 2. Nf3 Nf6 3. e3 c6 4. Bd3 Bg4 5. Nbd2
Nbd7 6. e4 dxe4 7. Nxe4 Nxe4 8. Bxe4 Nf6 9. Qe2 e6 10. c3 h6 11. h3 Bh5 12. Bc2
Bxf3 13. Qxf3 Rc8 14. O-O Qb6 15. Rb1 a5 16. Be3 Nd5 17. Bd2 Qd8 18. Rfe1 Be7
19. Re2 Bg5 20. Bxg5 hxg5 21. Rbe1 Nf4 22. Re3 Qf6 23. Qg3 Kd7 24. Re5 Rh5 25.
Bd1 Rh7 26. Rxa5 Rch8 27. Qxg5 Rxh3 0-1

[Event "Ulm2007"]
[Site "Privat"]
[Date "2007.11.16"]
[Round "5"]
[White "Zahn, Achim"]
[Black "Lachmayer, Manfred"]
[Result "1-0"]
[ECO "B22"]
[WhiteElo "1488"]
[BlackElo "1900"]
[Annotator "Goda,Frederic"]
[PlyCount "93"]
[EventDate "2007.??.??"]
[TimeControl "30/5400:0"]

{512MB, Fritz8.ctg, SCHACHCOMP} 1. e4 c5 2. c3 Nc6 3. d4 cxd4 4. cxd4 d6 5. Be2
Nf6 6. Nc3 g6 7. Nf3 Bg7 8. O-O O-O 9. Bf4 Nh5 10. Be3 Nf6 11. Bf4 a6 12. Rc1
d5 13. e5 Ne4 14. Bd3 f5 15. Nxd5 e6 16. Nc3 Nxd4 17. Bxe4 Nxf3+ 18. Bxf3 Qb6
19. Na4 Qb4 20. Be3 Re8 21. Bc5 Qf4 22. Qd4 Bxe5 23. Qxf4 Bxf4 24. Be3 Bxe3 25.
fxe3 Rb8 26. Nb6 Kg7 27. Rc7+ Kh6 28. Rfc1 e5 29. Rxc8 Rbxc8 30. Rxc8 Re6 31.
Nc4 e4 32. Bd1 b5 33. Nd2 Rd6 34. Rc2 f4 35. Kf2 Rd3 36. Nxe4 Rxd1 37. exf4 Rd7
38. Rc6 a5 39. Rc5 Rd4 40. Ke3 Rb4 41. b3 a4 42. Nd2 axb3 43. axb3 Kg7 44. g3
h5 45. Kd3 h4 46. Kc3 hxg3 47. hxg3 1-0

[Event "Ulm2007"]
[Site "Privat"]
[Date "2007.11.16"]
[Round "5"]
[White "Over, Klaus"]
[Black "Schmidt, Waldemar"]
[Result "1/2-1/2"]
[ECO "A16"]
[WhiteElo "2000"]
[BlackElo "1603"]
[Annotator "Goda,Frederic"]
[PlyCount "86"]
[EventDate "2007.??.??"]
[TimeControl "30/5400:0"]

{512MB, Fritz8.ctg, SCHACHCOMP} 1. c4 c6 2. Nc3 Nf6 3. Nf3 d6 4. d4 Bf5 5. Bg5
Nbd7 6. e3 h6 7. Bh4 e6 8. Bd3 Bxd3 9. Qxd3 Be7 10. O-O O-O 11. b4 d5 12. c5
Nh5 13. Bxe7 Qxe7 14. Ne5 Nhf6 15. f4 Nxe5 16. fxe5 Nd7 17. e4 f6 18. exf6 Rxf6
19. Rxf6 Nxf6 20. e5 Nd7 21. Rf1 Rf8 22. Ne2 Rxf1+ 23. Kxf1 Qf7+ 24. Qf3 Qxf3+
25. gxf3 Kf7 26. a4 a6 27. h4 b5 28. a5 Nf8 29. Kg2 Kg6 30. Kg3 Kf7 31. Kg4 g6
32. f4 h5+ 33. Kg5 Kg7 34. f5 exf5 35. Kf4 Ne6+ 36. Ke3 g5 37. hxg5 h4 38. Ng1
Kg6 39. Nh3 Nxg5 40. Nxg5 Kxg5 41. Kf3 f4 42. Kg2 Kf5 43. Kf3 Kg5 1/2-1/2

[Event "Ulm2007"]
[Site "Privat"]
[Date "2007.11.16"]
[Round "5"]
[White "Hartmann, Thomas"]
[Black "Goda, Frederic"]
[Result "1/2-1/2"]
[ECO "D85"]
[WhiteElo "1863"]
[BlackElo "1600"]
[Annotator "Goda,Frederic"]
[PlyCount "96"]
[EventDate "2007.??.??"]
[TimeControl "30/5400:0"]

{512MB, Fritz8.ctg, SCHACHCOMP} 1. d4 Nf6 2. c4 g6 3. Nc3 d5 4. cxd5 Nxd5 5.
Na4 Bg7 6. e4 Nf6 7. f3 O-O 8. Be3 c6 9. Bd3 Nbd7 10. Ne2 e5 11. O-O Re8 12.
Bc2 exd4 13. Bxd4 Qc7 14. Bb3 c5 15. Rc1 b6 16. Be3 Bb7 17. Bf4 Ne5 18. Nac3
Rad8 19. Qc2 Qe7 20. Rcd1 Bc6 21. a4 h6 22. Ng3 Rxd1 23. Nxd1 Rd8 24. Nf2 Rd4
25. Ne2 Rb4 26. Bd2 c4 27. Bxb4 Qxb4 28. Ba2 Bxa4 29. Qc3 Qc5 30. Qd4 Qc7 31.
Nc3 Nxf3+ 32. gxf3 Ng4 33. e5 Nxe5 34. Qe3 Bc6 35. Nce4 f5 36. Nd2 b5 37. f4
Nf7 38. Nxc4 bxc4 39. Bxc4 Bb7 40. Qe8+ Bf8 41. Rc1 Bd5 42. b3 Qxf4 43. Rc3
Bxc4 44. bxc4 Kg7 45. Qe3 Qxe3 46. Rxe3 Nd6 47. c5 Ne4 48. Nxe4 fxe4 1/2-1/2

[Event "Ulm2007"]
[Site "Privat"]
[Date "2007.11.16"]
[Round "5"]
[White "Heinrich, Klaus"]
[Black "Rissmann, Klaus"]
[Result "1-0"]
[ECO "A02"]
[WhiteElo "1806"]
[BlackElo "1494"]
[Annotator "Goda,Frederic"]
[PlyCount "51"]
[EventDate "2007.??.??"]
[TimeControl "30/5400:0"]

{512MB, Fritz8.ctg, SCHACHCOMP} 1. f4 c5 2. b3 Nf6 3. Nf3 g6 4. Bb2 Bg7 5. g4
d6 6. g5 Nh5 7. Bxg7 Nxg7 8. d4 b6 9. dxc5 bxc5 10. Qd5 Qb6 11. Qxa8 Nf5 12.
Qe4 Bb7 13. Qd3 Na6 14. a3 Nc7 15. Nc3 Qa5 16. Qd2 Nd4 17. Bg2 Ndb5 18. b4 cxb4
19. Nxb5 Nxb5 20. Qxb4 Qb6 21. a4 Nc7 22. Qxb6 axb6 23. Rb1 O-O 24. Rxb6 Be4
25. Nh4 Bxc2 26. Rc6 1-0

[Event "Ulm2007"]
[Site "Privat"]
[Date "2007.11.16"]
[Round "5"]
[White "Andritzke, Karl-Heinz"]
[Black "Lepschi, Albert"]
[Result "1/2-1/2"]
[ECO "A03"]
[WhiteElo "1405"]
[BlackElo "1713"]
[Annotator "Goda,Frederic"]
[PlyCount "77"]
[EventDate "2007.??.??"]
[TimeControl "30/5400:0"]

{512MB, Fritz8.ctg, SCHACHCOMP} 1. f4 Nf6 2. Nf3 d5 3. e3 Bg4 4. b3 g6 5. Bb2
Bg7 6. Be2 O-O 7. O-O c5 8. d3 Nc6 9. Nbd2 Qb6 10. c4 Rad8 11. Rb1 Qc7 12. Ne5
Bxe2 13. Qxe2 b6 14. Nxc6 Qxc6 15. Nf3 dxc4 16. bxc4 Nd7 17. Bxg7 Kxg7 18. Rb3
Kg8 19. h3 Rde8 20. Qb2 Qc7 21. Nh2 f5 22. Nf3 e5 23. fxe5 Nxe5 24. Nxe5 Rxe5
25. Rf3 Rfe8 26. Kf2 Qe7 27. Qc1 Qg5 28. Ra3 Qh4+ 29. Ke2 R5e7 30. Rb3 Qd4 31.
g3 Qg7 32. a4 Qh6 33. h4 Qg7 34. Qb2 Re6 35. Qxg7+ Kxg7 36. a5 Kg8 37. a6 Kg7
38. Rb1 Rb8 39. Rb5 1/2-1/2

[Event "Ulm2007"]
[Site "Privat"]
[Date "2007.11.16"]
[Round "5"]
[White "Sauter, Berthold"]
[Black "Jahn, Manfred"]
[Result "0-1"]
[ECO "D10"]
[WhiteElo "1380"]
[BlackElo "1682"]
[Annotator "Goda,Frederic"]
[PlyCount "60"]
[EventDate "2007.??.??"]
[TimeControl "30/5400:0"]

{512MB, Fritz8.ctg, SCHACHCOMP} 1. c4 c6 2. d4 d5 3. e3 Nf6 4. cxd5 cxd5 5. Nf3
Bf5 6. Qa4+ Nbd7 7. Nc3 a6 8. Qb3 Nb6 9. Be2 e6 10. Bd2 Bd6 11. Na4 Nxa4 12.
Qxa4+ b5 13. Qb3 O-O 14. Ne5 Rc8 15. Bd3 Ne4 16. Qd1 Bxe5 17. dxe5 Nxf2 18.
Kxf2 Bxd3 19. Bc3 Qh4+ 20. g3 Qe4 21. Rg1 Rc4 22. Rc1 Rfc8 23. Qf3 Qg6 24. Ke1
b4 25. Bd2 Rxc1+ 26. Bxc1 Rxc1+ 27. Kf2 Rc2+ 28. Ke1 Be4 29. Qd1 Qg5 30. h4
Qxe3+ 0-1

[Event "Ulm2007"]
[Site "Privat"]
[Date "2007.11.16"]
[Round "5"]
[White "Hörsch, Florian"]
[Black "Kühn, Bernd"]
[Result "0-1"]
[ECO "B56"]
[WhiteElo "1013"]
[BlackElo "1634"]
[Annotator "Goda,Frederic"]
[PlyCount "88"]
[EventDate "2007.??.??"]
[TimeControl "30/5400:0"]

{512MB, Fritz8.ctg, SCHACHCOMP} 1. e4 c5 2. Nf3 Nc6 3. d4 cxd4 4. Nxd4 Nf6 5.
Nc3 d6 6. Bb5 Bd7 7. O-O g6 8. Be3 Bg7 9. f4 O-O 10. f5 Ne5 11. Be2 a6 12. Qd2
Neg4 13. Bg5 h6 14. Bxf6 Nxf6 15. Rf3 Qb6 16. Kh1 Nxe4 17. Nxe4 Qxd4 18. Qxd4
Bxd4 19. c3 Bg7 20. f6 exf6 21. Nxf6+ Bxf6 22. Rxf6 d5 23. Bf3 Bc6 24. Rd1 Kg7
25. Rd6 Rad8 26. Rxd8 Rxd8 27. a4 d4 28. Kg1 Bxf3 29. gxf3 Kf6 30. Kf2 Ke5 31.
Ke2 f5 32. Kd3 Kf4 33. Rg1 g5 34. Rg3 h5 35. b4 h4 36. Rg2 g4 37. fxg4 fxg4 38.
Rf2+ Kg5 39. a5 g3 40. hxg3 hxg3 41. Rf7 Rd6 42. c4 Rf6 43. Rg7+ Rg6 44. Rf7 g2
0-1

[Event "Ulm2007"]
[Site "Privat"]
[Date "2007.11.16"]
[Round "5"]
[White "Hengstberger, Uli"]
[Black "Nissl, Michael"]
[Result "0-1"]
[ECO "E92"]
[WhiteElo "1450"]
[BlackElo "1800"]
[Annotator "Goda,Frederic"]
[PlyCount "88"]
[EventDate "2007.??.??"]
[TimeControl "30/5400:0"]

{512MB, Fritz8.ctg, SCHACHCOMP} 1. c4 Nf6 2. d4 g6 3. Nc3 Bg7 4. Nf3 O-O 5. e4
d6 6. Be2 e5 7. d5 a5 8. O-O Na6 9. Be3 Ng4 10. Qd2 Nxe3 11. Qxe3 f5 12. a3 Nc5
13. b4 axb4 14. axb4 Rxa1 15. Rxa1 f4 16. Qc1 Nb3 17. Qb2 Nxa1 18. Qxa1 g5 19.
Nd2 Rf7 20. Qa8 c6 21. dxc6 bxc6 22. Qxc6 Bb7 23. Qa4 Qa8 24. Qc2 Bf8 25. Bg4
Rc7 26. Be6+ Kg7 27. Bd5 Qa1+ 28. Ncb1 Bxd5 29. exd5 Qd4 30. Qf5 h6 31. Qc2
Qxd5 32. Nc3 Qd4 33. h3 d5 34. c5 Bxc5 35. bxc5 Qxc5 36. Qb3 Qxc3 37. Qxd5 Qd4
38. Qb5 e4 39. Nb3 Qf6 40. Nd2 e3 41. Ne4 exf2+ 42. Nxf2 Qd4 43. Kh2 Qd3 44.
Qb2+ Kg6 0-1

[Event "Ulm2007"]
[Site "Privat"]
[Date "2007.11.16"]
[Round "5"]
[White "von Schwerin, Clemens"]
[Black "Huppertz, Anton"]
[Result "1-0"]
[ECO "B20"]
[WhiteElo "1581"]
[BlackElo "1316"]
[Annotator "Goda,Frederic"]
[PlyCount "44"]
[EventDate "2007.??.??"]
[TimeControl "30/5400:0"]

{512MB, Fritz8.ctg, SCHACHCOMP} 1. e4 c5 2. d3 Nc6 3. g3 d6 4. Bg2 e6 5. Nc3
Nf6 6. f4 g6 7. Nf3 Bg7 8. O-O O-O 9. Nh4 Ne8 10. f5 Ne5 11. Qe1 Bd7 12. h3 Bf6
13. fxg6 fxg6 14. Bh6 Ng7 15. Nf3 Nxf3+ 16. Rxf3 Bd4+ 17. Kh2 Rxf3 18. Bxf3
Bxc3 19. Qxc3 e5 20. Qb3+ Kh8 21. Qf7 Ne6 22. Bg4 Qg8 1-0